 Dungeon Crawl Stone Soup version 0.28.0-53-g5a82cb258f (webtiles) character file.

Game seed: 16926001329332354944

3840 Ashen the Thaumaturge (level 9, -4/67 HPs)
             Began as a Mummy Necromancer on July 9, 2022.
             Was a Believer of Kikubaaqudgha.
             Killed from afar by an electric eel (9 damage)
             ... with a bolt of electricity
             ... on level 8 of the Dungeon.
             The game lasted 00:20:04 (9458 turns).

Ashen the Thaumaturge (Mummy Necromancer)           Turns: 9458, Time: 00:20:04

Health: -4/67      AC:  3    Str: 12    XL:     9   Next: 98%
Magic:  21/21      EV: 12    Int: 18    God:    Kikubaaqudgha [**....]
Gold:   453        SH:  4    Dex: 12    Spells: 7/25 levels left

rFire   x . .      SeeInvis +   q - +7 Throatcutter {drain, coup de grace}
rCold   + . .      Faith    .   C - +0 buckler
rNeg    + + +      Spirit   .   H - +0 robe {Archmagi}
rPois   ∞          Reflect  .   (no helmet)
rElec   .          Harm     .   (no cloak)
rCorr   .          Rampage  .   (no gloves)
Will    ++...      Archmagi +   h - +0 pair of boots
Stlth   ++........              B - amulet of magic regeneration
HPRegen 0.21/turn               t - ring of willpower
MPRegen 0.57/turn               y - ring of see invisible

@: no status effects
A: cold resistance 1, negative energy resistance 3, torment resistance 2, heat
vulnerability 1, no potions
a: Renounce Religion, Receive Corpses


You were on level 8 of the Dungeon.
You worshipped Kikubaaqudgha.
Kikubaaqudgha was pleased with you.
You visited 2 branches of the dungeon, and saw 9 of its levels.
You also visited: Ossuary.

You collected 453 gold pieces.

Inventory:

Hand Weapons
 b - a +0 dagger of draining
 f - a +0 vampiric whip
 q - the +7 Throatcutter (weapon) {drain, coup de grace}
   (You found it on level 5 of the Dungeon)

   A truly terrible weapon, it drains the life of any living foe it strikes.
   It may instantly kill foes which have little health.
 E - a +0 whip of freezing
Missiles
 F - 2 throwing nets
Armour
 a - a +0 robe
 h - a +0 pair of boots (worn)
 z - a +1 chain mail of cold resistance
 C - a +0 buckler (worn)
 G - a +1 chain mail of willpower
 H - a +0 robe of the Archmagi (worn)
Jewellery
 t - a ring of willpower (left hand)
 v - an amulet of guardian spirit
 y - a ring of see invisible (right hand)
 B - an amulet of magic regeneration (around neck)
 D - a ring of resist corrosion
Wands
 p - a wand of flame (14)
 s - a wand of polymorph (8)
Scrolls
 d - 2 scrolls of enchant weapon
 e - a scroll of brand weapon
 g - 2 scrolls of teleportation
 i - a scroll of enchant armour
 j - 3 scrolls of immolation {unknown}
 k - 2 scrolls of magic mapping {unknown}
 l - a scroll of summoning
 m - 2 scrolls of silence {unknown}
 n - 3 scrolls of blinking {unknown}
 o - a scroll of vulnerability
 r - a scroll of amnesia {unknown}
 u - 2 scrolls of fear {unknown}
 w - a scroll of holy word {unknown}
 x - a scroll of fog {unknown}
 A - 2 scrolls of noise {unknown}


   Skills:
 + Level 4.8 Fighting
 - Level 0.5(2.7) Short Blades
 + Level 4.3(4.4) Long Blades
 - Level 1.3 Maces & Flails
 + Level 3.8 Dodging
 + Level 3.9 Stealth
 + Level 2.5 Shields
 + Level 8.8 Spellcasting
 - Level 0.1 Summonings
 + Level 8.2 Necromancy


You had 7 spell levels left.
You knew the following spells:

 Your Spells              Type           Power      Damage    Failure   Level
a - Pain                  Necr           100%       1d9       1%          1
b - Vampiric Draining     Necr           54%        2d9       1%          3
c - Animate Dead          Necr           27%        N/A       4%          4
d - Swiftness             Air            11%        N/A       34%         3
e - Agony                 Necr           54%        N/A       11%         5
f - Call Imp              Summ           12%        N/A       17%         2

Your spell library contained the following spells:

 Spells                   Type           Power      Damage    Failure   Level
 Animate Skeleton         Necr           100%       N/A       1%          1
 Corpse Rot               Necr/Air       68%        N/A       3%          2
 Magic Dart               Conj           44%        1d5       12%         1
 Shock                    Conj/Air       44%        1d5       12%         1
 Mephitic Cloud           Conj/Pois/Air  11%        N/A       34%         3
 Airstrike                Air            5%         N/A       75%         4


Dungeon Overview and Level Annotations

Branches:
Dungeon (8/15)             Temple (1/1) D:5            Lair (0/6) D:8
Ossuary (visited)

Altars:
Ashenzari
Cheibriados
Elyvilon
Fedhas
Gozag
Hepliaklqana
Kikubaaqudgha
Makhleb
Nemelex Xobeh
Okawaru
Qazlal
Ru
Sif Muna
Trog
Uskayaw
Vehumet
Wu Jian
Xom
Yredelemnul
Zin
The Shining One

Shops:
D:6 *   D:8 [


Innate Abilities, Weirdness & Mutations

You are immune to poison.
Your flesh is cold resistant. (rC+)
You are immune to negative energy. (rN+++)
You are immune to unholy pain and torment.
You are vulnerable to heat. (rF-)
You do not drink.


Message History

o - a scroll of vulnerability You hear the faint creaking of a very distant portcullis.
Magic restored.
You hear the faint creaking of a very distant portcullis.
You hear the creaking of a very distant portcullis.
HP restored.
Items here: )) ††.
Things that are here:
a +0 club; a +0 scale mail 2 electric eels come into view.
An electric eel comes into view.
You see here 19 gold pieces.
Casting: Vampiric Draining (safe; 1% risk of failure)
Confirm with . or Enter, or press ? or * to list all spells.
Aiming: Pain (safe; 1% risk of failure)
Press: ? - help, Shift-Dir - straight line, f - electric eel
Aim: an electric eel (water, wandering, hasn't noticed you, chance to affect: 88%)
You feel a surge of power!
The electric eel writhes in agony.
The electric eel shoots out a bolt of lightning at you!
The bolt of electricity hits you!
The electric eel shoots out a bolt of lightning at you!
The bolt of electricity hits you!
Casting: Pain (safe; 1% risk of failure)
Confirm with . or Enter, or press ? or * to list all spells.
Aiming: Pain (safe; 1% risk of failure)
Press: ? - help, Shift-Dir - straight line, f/p - electric eel
Aim: an electric eel (water, moderately wounded, chance to affect: 88%)
You feel a surge of power!
The electric eel writhes in agony!
The electric eel shoots out a bolt of lightning at you!
The bolt of electricity hits you!
The electric eel shoots out a bolt of lightning at you!
The bolt of electricity hits you!
* * * LOW HITPOINT WARNING * * *
The electric eel shoots out a bolt of lightning at you!
The bolt of electricity hits you!
* * * LOW HITPOINT WARNING * * *
The electric eel shoots out a bolt of lightning at you!
The bolt of electricity hits you!
You die...
Kikubaaqudgha rasps: "You have failed me!
Welcome... oblivion!"

#.>..... ######......####.
............#.#..
.................
.....##........##
##...............#
...#.......#.#..#
##..###....##.....
##@..###..........#
########....##.........#..
............###..>...(....
.≈≈≈≈≈.≈≈≈≈...#..#.#......
.≈≈≈≈≈.≈≈≈≈.....##.##)....
.≈≈≈≈≈.≈≈≈≈.#))..#....###.
.≈≈S≈≈.≈≈≈≈.##.......###..
.......≈≈≈≈.#.....#..# ##.
.≈≈≈≈.......#..#)##### #)


You could see an electric eel.

Vanquished Creatures
  Harold (D:6)
  Pikel (D:6)
  A shadow (D:7)
  A wyvern (D:8)
  A water moccasin (D:6)
  A hornet zombie (D:5)
  An ice beast (D:5)
  4 orc warriors
  2 necrophages (D:6)
  An ogre (D:6)
  A phantom (D:6)
  A lemure (D:7)
  A gnoll sergeant (D:6)
  A wyvern zombie (D:7)
  3 scorpions
  A water moccasin zombie (Ossuary)
  A killer bee (D:5)
  3 bullfrog zombies
  A jelly (D:6)
  A gnoll shaman (D:7)
  3 hounds
  4 orc priests
  3 bullfrog skeletons
  5 iguanas
  3 orc wizards
  A hound skeleton (D:5)
  A howler monkey zombie (D:6)
  2 mummies (Ossuary)
  A howler monkey skeleton (D:5)
  10 gnolls
  13 adders
  An ufetubus (D:5)
  3 adder zombies (Ossuary)
  3 dart slugs
  A worm (D:2)
  36 orcs
  11 ball pythons
  6 bats
  6 endoplasms
  2 giant cockroaches
  7 goblins
  6 hobgoblins
  6 jackals
  5 frilled lizards
  6 gnoll zombies (Ossuary)
  4 hobgoblin zombies (Ossuary)
  6 kobolds
  2 kobold zombies (Ossuary)
  3 orc zombies (Ossuary)
  A quokka skeleton (D:4)
  4 rats
  A bush (D:6)
194 creatures vanquished.

Vanquished Creatures (others)
  15 plants (D:8)
15 creatures vanquished.

Grand Total: 209 creatures vanquished

Notes
Turn   | Place    | Note
-------+----------+-------------------------------------------
     0 | D:1      | Ashen the Mummy Necromancer began the quest for the Orb.
     0 | D:1      | Reached XP level 1. HP: 13/13 MP: 4/4
   142 | D:1      | Reached XP level 2. HP: 11/19 MP: 0/5
   635 | D:1      | Reached XP level 3. HP: 24/24 MP: 1/7
  1069 | D:2      | Learned a level 3 spell: Vampiric Draining
  1229 | D:2      | Reached XP level 4. HP: 30/30 MP: 5/9
  1268 | D:2      | Reached skill level 5 in Necromancy
  1446 | D:2      | Found a snail-covered altar of Cheibriados.
  2295 | D:3      | Reached XP level 5. HP: 35/35 MP: 5/11
  2532 | D:3      | Learned a level 4 spell: Animate Dead
  2536 | D:3      | Learned a level 3 spell: Swiftness
  3391 | D:5      | Entered Level 5 of the Dungeon
  3603 | D:5      | Found the +7 Throatcutter {drain, coup de grace}
  3789 | D:5      | Noticed an ice beast
  3869 | D:5      | Reached skill level 1 in Maces & Flails
  4088 | D:5      | Killed an ice beast
  4089 | D:5      | Reached skill level 1 in Fighting
  4089 | D:5      | Reached skill level 5 in Spellcasting
  4089 | D:5      | Reached XP level 6. HP: 35/43 MP: 3/13
  4373 | D:5      | Reached XP level 7. HP: 26/50 MP: 15/15
  4379 | D:5      | Learned a level 5 spell: Agony
  4531 | D:5      | Found a staircase to the Ecumenical Temple.
  4537 | Temple   | Entered the Ecumenical Temple
  4732 | Temple   | Became a worshipper of Kikubaaqudgha
  5515 | D:5      | Reached skill level 1 in Long Blades
  5625 | D:6      | Found a sand-covered staircase.
  5629 | Ossuary  | Entered an ossuary
  5710 | Ossuary  | Reached * piety under Kikubaaqudgha
  5710 | Ossuary  | Received a gift from Kikubaaqudgha
  5828 | Ossuary  | Learned a level 2 spell: Call Imp
  5896 | D:6      | Found an iron altar of Okawaru.
  5945 | D:6      | Reached XP level 8. HP: 37/57 MP: 3/17
  7226 | D:6      | Reached ** piety under Kikubaaqudgha
  7431 | D:6      | Reached XP level 9. HP: 65/65 MP: 10/20
  7695 | D:6      | Found Vudagasefo's General Store.
  7885 | D:7      | Noticed Harold
  7996 | D:7      | Reached skill level 1 in Shields
  8065 | D:7      | Noticed Pikel
  8099 | D:6      | Killed Pikel
  8288 | D:6      | Killed Harold
  9190 | D:8      | Found Wyufuwku's Armour Shop.
  9205 | D:8      | Found a staircase to the Lair.
  9206 | D:8      | Noticed a komodo dragon
  9458 | D:8      | Killed from afar by an electric eel

Illustrated notes

Levels and vault maps discovered:
D:1:      nzn_arrival_crosshair, layout_basic, minmay_tromino_i4
D:2:      layout_basic, basic_altar, minmay_misc_feat_cross,
          minmay_randomly_rotated_circles
D:3:      layout_loops_ring, dk_vineyard_1, grunt_decor_cap
D:4:      layout_rooms
D:5:      minmay_opposing_rooms, layout_rooms, minmay_temple_entry_butterflies,
          roderic_lattice_a
D:6:      kennysheep_six_static_rooms, layout_loops_cross,
          okawaru_metal_pillars_3, enter_ossuary_5, minmay_hedge_maze,
          nicolae_stop_n_shop_2, hangedman_decor_opposing, amethyst_killhole
D:7:      layout_rooms, uniq_pikel, uniq_harold
D:8:      layout_cave_pools, david_lair_shrubbed, enter_bailey_5, serial_shops,
          shop, minivault_14
Temple:   regret_index_temple_chain_breaker

Skill      XL: |  1  2  3  4  5  6  7  8  9 |
---------------+----------------------------+-----
Spellcasting   | 3 4 5 6 7 8 |  8.8
Necromancy     | 5 6 7 8 |  8.2
Dodging        | 2 3 |  3.8
Stealth        | 2 3 |  3.9
Maces & Flails | 1 |  1.3
Fighting       | 1 2 3 4 |  4.8
Long Blades    | 2 3 4 |  4.3
Shields        | 2 |  2.5
Short Blades   | |  0.5
Summonings     | |  0.1

Action                   |  1- 3 |  4- 6 |  7- 9 || total
-------------------------+-------+-------+-------++-------
Melee: Unarmed           |     6 |       |       ||     6
       Dagger            |    52 |    14 |       ||    66
       Whip              |       |   108 |       ||   108
       Long sword        |       |    12 |   193 ||   205
 Cast: Pain              |    44 |    65 |    58 ||   167
       Animate Dead      |       |     1 |     5 ||     6
       Vampiric Draining |       |       |    77 ||    77
       Call Imp          |       |       |     2 ||     2
  Use: Scroll            |       |       |     6 ||     6
 Stab: Sleeping          |     2 |     1 |     3 ||     6
Armor: Robe              |    10 |    51 |    37 ||    98
Dodge: Dodged            |    51 |   107 |   165 ||   323
Block: Buckler           |       |       |    14 ||    14
